 Dungeon Crawl Stone Soup version 0.17.0-28-g6e173f8 (webtiles) character file.

1082 4thArraOfDagon the Cleaver (level 8, 0/71 HPs)
             Began as a Minotaur Berserker on Nov 22, 2015.
             Was a Believer of Trog.
             Slain by a tengu warrior
             ... wielding a +0 dire flail
              (19 damage)
             ... on level 10 of the Dungeon.
             The game lasted 00:05:58 (1205 turns).

4thArraOfDagon the Cleaver (Minotaur Berserker)     Turns: 1205, Time: 00:05:58

Health: 0/71       AC:  7    Str: 22    XL:     8   Next: 8%
Magic:  7/7        EV: 10    Int:  6    God:    Trog [**....]
Gold:   211        SH:  0    Dex: 10    Spells: 0 memorised, 7 levels left

rFire  . . .     SeeInvis .     a - +0 hand axe
rCold  . . .     Clarity  .     n - +0 scale mail
rNeg   . . .     SustAt   .     (no shield)
rPois  .         Gourm    .     (helmet restricted)
rElec  .         Spirit   .     (no cloak)
rCorr  .         Warding  .     (no gloves)
rMut   .         Stasis   .     (no boots)
MR     ++...                    (no amulet)
Stlth  ..........               (no ring)
                                (no ring)

@: exhausted, regenerating, slowed, very slow, very resistant to hostile
enchantments, extremely unstealthy
A: retaliatory headbutt, horns 2
a: Berserk, Trog's Hand, Burn Spellbooks, Renounce Religion


You were on level 10 of the Dungeon.
You worshipped Trog.
Trog was pleased with you.
You were not hungry.

You visited 1 branch of the dungeon, and saw 9 of its levels.
You also visited: Ossuary.

You collected 211 gold pieces.

Inventory:

Hand Weapons
 a - a +0 hand axe (weapon)
Armour
 n - a +0 scale mail (worn)
Wands
 o - a wand of confusion (6)
Scrolls
 b - a scroll of immolation {unknown}
 e - a scroll of amnesia {unknown}
 f - a scroll of magic mapping {unknown}
 h - 2 scrolls of recharging {unknown}
 i - a scroll of teleportation {unknown}
 l - 4 scrolls of identify {unknown}
 m - a scroll of fog {unknown}
 p - a scroll of remove curse {unknown}
 r - 2 scrolls of blinking {unknown}
 s - a scroll of enchant armour {unknown}
Potions
 q - a potion of curing
Comestibles
 c - a bread ration
 g - a beef jerky
 k - 4 chunks of flesh


   Skills:
 + Level 6.6 Fighting
 * Level 9.0 Axes
 + Level 6.0 Armour
 - Level 2.1 Dodging


You had 7 spell levels left.
You didn't know any spells.

Dungeon Overview and Level Annotations

Branches:
Dungeon (10/15)            Temple (0/1) D:5
   Lair: D:8-11         Orc: D:9-12

Altars:
Dithmenos
Ru
Sif Muna
Xom


Innate Abilities, Weirdness & Mutations

You reflexively headbutt those who attack you in melee.
You have a pair of horns on your head.


Message History

Evoke which item? (* to show all) (? for menu, Esc to quit)
Zapping:
o - a wand of confusion {zapped: 5} (will waste charges)
Press: ? - help, Shift-Dir - straight line, f/p - tengu warrior
Aim: a tengu warrior, wielding a dire flail and wearing a ring mail (lightly wounded, chance to defeat MR: 28%)
The tengu warrior easily resists.
Evoking this partially-identified wand wasted a few charges.
The tengu warrior hits you with an uncursed dire flail.
* * * LOW HITPOINT WARNING * * *
The tengu warrior pecks you but does no damage.
The tengu warrior claws you.
* * * LOW HITPOINT WARNING * * *
Unknown command.
Evoke which item? (* to show all) (? for menu, Esc to quit)
Zapping:
o - a wand of confusion {zapped: 8} (will waste charges)
Press: ? - help, Shift-Dir - straight line, f/p - tengu warrior
Aim: a tengu warrior, wielding a dire flail and wearing a ring mail (lightly wounded, chance to defeat MR: 28%)
The tengu warrior easily resists.
Evoking this partially-identified wand wasted a few charges.
The tengu warrior hits you with an uncursed dire flail!!
You die...

#### # ##≈≈## .<≈
##≈≈≈≈#
#≈≈≈≈########≈≈≈≈≈#
≈≈≈≈≈≈.h.....≈>≈≈≈#
≈≈≈≈≈≈≈###h###≈≈≈≈#
≈≈≈≈≈≈≈ #Q# ##≈≈##
≈≈≈≈Q≈≈ #@# ##≈##
≈≈≈≈≈≈#
#(###≈≈≈#### ..≈≈≈#
###...≈≈≈≈≈....
..≈≈#
#...#≈≈≈≈≈≈≈### #
...#
#...≈≈≈≈≈≈≈≈≈##.#
#...≈≈≈≈≈≈≈≈≈...#
#...≈≈≈≈≈≈))≈###
#...≈≈≈≈≈≈)<≈#
#####≈≈≈≈≈≈≈.#


You could see a tengu warrior and a black bear.

Vanquished Creatures
  A troll (D:10)
  A yak (D:9)
  A hungry ghost (D:10)
  A centaur (D:9)
  2 giant frogs (D:9)
  2 scorpions
  A giant frog zombie (D:5)
  2 orc priests (D:10)
  3 orc wizards
  A hound skeleton (D:5)
  2 adders
  3 gnolls (D:4)
  A shadow imp (D:9)
  2 giant geckos
  8 orcs
  2 bats
  2 giant cockroaches (D:1)
  3 hobgoblins
  2 jackals (D:9)
  3 kobolds (D:1)
  2 quokkas
  A giant newt (D:3)
  4 goblins
  5 rats
55 creatures vanquished.

Notes
Turn   | Place    | Note
--------------------------------------------------------------
     0 | D:1      | 4thArraOfDagon the Minotaur Berserker began the quest for the Orb.
     0 | D:1      | Reached XP level 1. HP: 19/19 MP: 0/0
    88 | D:1      | Reached XP level 2. HP: 14/27 MP: 1/1
   106 | D:1      | Reached skill level 4 in Axes
   142 | D:2      | Found a shimmering altar of Xom.
   254 | D:3      | Reached ** piety under Trog
   285 | D:4      | Reached XP level 3. HP: 30/33 MP: 2/2
   357 | D:4      | Reached skill level 5 in Axes
   357 | D:4      | Reached XP level 4. HP: 33/40 MP: 3/3
   467 | D:4      | Found a sand-covered staircase.
   475 | Ossuary  | Entered an ossuary
   508 | D:5      | Entered Level 5 of the Dungeon
   522 | D:5      | Reached XP level 5. HP: 20/47 MP: 4/4
   537 | D:5      | Reached skill level 6 in Axes
   546 | D:5      | Found a staircase to the Ecumenical Temple.
   681 | D:5      | Noticed a necrophage
   764 | D:6      | Found a shadowy altar of Dithmenos.
   883 | D:7      | You fall through a shaft for 2 floors!
   884 | D:9      | Noticed a centaur
   891 | D:9      | Killed a centaur
   891 | D:9      | Reached skill level 5 in Fighting
   891 | D:9      | Reached XP level 6. HP: 14/56 MP: 5/5
   928 | D:9      | Found a sacrificial altar of Ru.
  1035 | D:9      | Noticed a yak
  1044 | D:9      | Killed a yak
  1044 | D:9      | Reached skill level 7 in Axes
  1044 | D:9      | Reached XP level 7. HP: 61/61 MP: 6/6
  1047 | D:9      | Reached skill level 5 in Armour
  1088 | D:9      | Found a deep blue altar of Sif Muna.
  1103 | D:10     | Entered Level 10 of the Dungeon
  1103 | D:10     | Noticed a troll
  1111 | D:10     | Killed a troll
  1111 | D:10     | Reached skill level 8 in Axes
  1172 | D:10     | Noticed a tengu warrior
  1191 | D:10     | rly
  1196 | D:10     | Reached skill level 9 in Axes
  1196 | D:10     | Reached XP level 8. HP: 46/71 MP: 7/7
  1205 | D:10     | Slain by a tengu warrior

Action                   |  1- 3 |  4- 6 |  7- 9 || total
-------------------------+-------+-------+-------++-------
Melee: Hand axe          |    32 |    41 |    21 ||    94
Invok: Berserk           |     2 |     3 |     2 ||     7
       Trog's Hand       |     1 |     2 |     4 ||     7
Evoke: Wand              |       |       |     4 ||     4
  Use: Potion            |       |       |     2 ||     2
  Eat: Chunk             |       |     5 |     4 ||     9
       Meat ration       |       |       |     1 ||     1
